 Dungeon Crawl Stone Soup version 0.17-a0-1533-g2f57bce (webtiles) character file.

7536 urechis the Grappler (level 10, -5/97 (98) HPs)
             Began as a Troll Monk on July 16, 2015.
             Was a Follower of Ru.
             Slain by Snorg (19 damage)
             ... on level 10 of the Dungeon.
             The game lasted 00:21:18 (9290 turns).

urechis the Grappler (Troll Monk)                   Turns: 9290, Time: 00:21:19

HP:   -5/97 (98)    AC:  7    Str: 24    XL:     10   Next: 96%
MP:   9/9           EV: 12    Int:  6    God:    Ru [*.....]
Gold: 644           SH:  0    Dex: 12    Spells: 0 memorised, 9 levels left

rFire  + . .     SeeInvis .       - Unarmed
rCold  x . .     Clarity  +     H - +0 robe
rNeg   . . .     SustAt   .     (no shield)
rPois  .         Gourm    +     (helmet restricted)
rElec  .         Spirit   .     G - +1 cloak
rCorr  .         Warding  .     (gloves unavailable)
rMut   .         Stasis   .     (boots unavailable)
MR     .....                    y - amulet of clarity
Stlth  +.........               D - +2 ring of evasion
                                R - ring of fire

@: no potions, not resistant to hostile enchantments, very unstealthy
A: unfitting armour, claws 3, fast metabolism 3, gourmand, regeneration 2,
shaggy fur 1, tough skin 2, inability to drink while threatened
a: Renounce Religion


You were on level 10 of the Dungeon.
You worshipped Ru.
Ru was aware of your devotion.
You were full.

You visited 1 branch of the dungeon, and saw 10 of its levels.
You also visited: Bailey.

You collected 644 gold pieces.

Inventory:

Hand weapons
 a - a +0 blowgun
Missiles
 c - 3 large rocks
 d - 54 poisoned needles
 A - 13 tomahawks (quivered)
 M - a throwing net
 N - 66 tomahawks of returning
Armour
 G - a +1 cloak (worn)
 H - a +0 robe (worn)
Jewellery
 e - an uncursed ring of flight
 n - an uncursed ring of positive energy
 y - an amulet of clarity (around neck)
 C - an uncursed amulet of resist corrosion
 D - a +2 ring of evasion (right claw)
 R - a ring of fire (left claw)
Scrolls
 h - 4 scrolls of teleportation {unknown}
 o - a scroll of fog {unknown}
 p - 7 scrolls of remove curse {unknown}
 s - a scroll of recharging {unknown}
 v - 2 scrolls of immolation {unknown}
 x - 6 scrolls of identify {unknown}
 F - a scroll of enchant weapon {unknown}
 I - a scroll of magic mapping {unknown}
 J - a scroll of brand weapon {unknown}
 L - 2 scrolls of noise {unknown}
 P - 4 scrolls of amnesia {unknown}
 Q - a scroll of random uselessness {unknown}
 U - a scroll of enchant armour {unknown}
Potions
 f - 7 potions of magic {unknown}
 i - a potion of ambrosia {unknown}
 j - 6 potions of might {unknown}
 k - 2 potions of brilliance {unknown}
 m - 12 potions of curing
 r - 2 potions of flight {unknown}
 t - 2 potions of cancellation {unknown}
 u - 5 potions of heal wounds {unknown}
 w - 3 potions of agility {unknown}
 z - 4 potions of berserk rage
 B - a potion of beneficial mutation {unknown}
 E - a potion of invisibility {unknown}
 K - 2 potions of poison {unknown}
 O - 3 potions of lignification {unknown}
 S - a potion of experience {unknown}
 T - a potion of haste
Comestibles
 b - 7 bread rations
 g - 4 beef jerkies
 l - 5 meat rations
 q - 11 royal jellies


   Skills:
 + Level 6.1 Fighting
 + Level 5.7 Throwing
 - Level 2.4 Dodging
 - Level 1.1 Stealth
 - Level 14.1 Unarmed Combat


You had 9 spell levels left.
You didn't know any spells.

Dungeon Overview and Level Annotations

Branches:
Dungeon (10/15)            Temple (0/1) D:6
   Lair: D:8-11         Orc: D:9-12

Altars:
Ashenzari
Cheibriados
Dithmenos
Elyvilon
Fedhas
Makhleb
Okawaru
Qazlal
Ru
Trog
Vehumet
Zin
The Shining One

Shops:
D:6 %   D:9 :

Annotations:
D:3 1 runed door
D:10 Snorg


Innate Abilities, Weirdness & Mutations

You are too large for most types of armour.
You have claws for hands.
Your metabolism is lightning-fast.
You like to eat raw meat.
You heal very quickly.
You are covered in fur (AC +1).
You have very tough skin (AC +2).
You cannot drink potions while threatened.


Message History

Snorg closely misses you. Snorg misses you. Snorg barely misses you.
You claw Snorg!
Snorg is heavily wounded.
Snorg barely misses you. Snorg claws you. Snorg claws you!!
You feel threatened and lose the ability to drink potions!
* * * LOW HITPOINT WARNING * * *
You mangle Snorg!!
Snorg is severely wounded.
Snorg barely misses you. Snorg closely misses you. Snorg misses you.
You scratch Snorg.
Snorg is severely wounded.
Snorg bites you but does no damage. Snorg completely misses you.
Snorg claws you!
* * * LOW HITPOINT WARNING * * *
You cannot drink potions in your current state!
You claw Snorg!
Snorg is almost dead.
Snorg barely misses you. x2
Snorg claws you!!
You die...

#.. ########..
#########.........
(......+......... #
#...# #......... #.
#...# #.........
####.####...###.........
........'...'...........
###...@#...############
####T##### #.. #.....#
#.. #....(# #.. #...(.#
#######.. #..(..+
......... #..(.)#
######.. #.....# #..
#.(...# #†)


You could see Snorg (berserk).

Vanquished Creatures
  A centaur warrior (D:10)
  Joseph (D:7)
  A troll (D:9)
  Grinder (D:4)
  A wyvern (D:8)
  10 yaks
  A hippogriff (D:9)
  2 sky beasts
  A water moccasin (D:7)
  A phantom (D:9)
  2 black bears
  2 ice beasts
  5 ogres
  3 orc warriors
  A necrophage (D:8)
  2 centaurs
  A big kobold (D:8)
  7 giant frogs
  7 scorpions
  A water moccasin skeleton (D:6)
  The ghost of Duffy the Slasher, a weakling CeWr (D:4)
  6 crimson imps
  7 hounds
  4 jellies
  Crazy Yiuf (D:2)
  A giant frog skeleton (D:9)
  An orc priest (D:6)
  5 orc wizards
  2 gnoll shamans
  A quasit (D:8)
  3 iguanas
  10 worker ants
  A killer bee zombie (D:7)
  2 hound skeletons
  2 worker ant zombies
  Robin (D:4)
  8 adders
  24 gnolls
  A shadow imp (D:9)
  8 oozes
  An adder skeleton (D:7)
  3 worms
  3 giant geckos
  30 orcs
  7 giant cockroaches
  19 goblins
  33 hobgoblins
  4 jackals
  3 quokkas
  2 ball pythons
  11 bats
  3 giant newts (D:1)
  A jackal skeleton (D:5)
  26 kobolds
  13 rats
299 creatures vanquished.

Notes
Turn   | Place    | Note
--------------------------------------------------------------
     0 | D:1      | urechis the Troll Monk began the quest for the Orb.
     0 | D:1      | Reached XP level 1. HP: 22/22 MP: 0/0
   218 | D:1      | Reached XP level 2. HP: 29/29 MP: 1/1
   727 | D:2      | Reached skill level 5 in Unarmed Combat
   747 | D:2      | Reached XP level 3. HP: 36/36 MP: 2/2
  1130 | D:2      | Found a radiant altar of Vehumet.
  1287 | D:2      | Noticed Crazy Yiuf
  1293 | D:2      | Killed Crazy Yiuf
  1293 | D:2      | Reached XP level 4. HP: 34/44 MP: 3/3
  1497 | D:3      | Reached skill level 6 in Unarmed Combat
  1747 | D:3      | Found a shattered altar of Ashenzari.
  2049 | D:3      | Reached XP level 5. HP: 50/50 MP: 4/4
  2056 | D:3      | Found a glowing silver altar of Zin.
  2056 | D:3      | Noticed an angel
  2060 | D:3      | Found a runed door.
  2110 | D:4      | Found a sacrificial altar of Ru.
  2118 | D:4      | Became a worshipper of Ru the Awakened
  2141 | D:4      | Gained mutation: You cannot drink potions while threatened. [Ru sacrifice]
  2141 | D:4      | Acquired Ru's first power
  2203 | D:4      | Noticed Duffy's ghost (weakling CeWr)
  2215 | D:4      | Killed Duffy's ghost
  2280 | D:4      | Noticed Robin
  2355 | D:4      | Killed Robin
  2477 | D:4      | Reached skill level 7 in Unarmed Combat
  2500 | D:4      | Reached XP level 6. HP: 42/59 MP: 5/5
  2506 | D:4      | Found a burning altar of Makhleb.
  2736 | D:4      | Noticed Grinder
  2754 | D:4      | Killed Grinder
  2754 | D:4      | Reached skill level 8 in Unarmed Combat
  2754 | D:4      | Reached XP level 7. HP: 31/66 MP: 6/6
  3100 | D:4      | Noticed a cacodemon
  3295 | D:5      | Entered Level 5 of the Dungeon
  3330 | D:5      | Reached skill level 9 in Unarmed Combat
  3440 | D:5      | Found a stormy altar of Qazlal.
  3446 | D:5      | Found a white marble altar of Elyvilon.
  3608 | D:5      | Reached skill level 10 in Unarmed Combat
  3678 | D:5      | Found an iron altar of Okawaru.
  3679 | D:5      | Found a bloodstained altar of Trog.
  3684 | D:5      | Reached XP level 8. HP: 74/74 MP: 7/7
  3739 | D:5      | Found a snail-covered altar of Cheibriados.
  3766 | D:5      | Found a blossoming altar of Fedhas.
  3906 | D:6      | Found a staircase to the Ecumenical Temple.
  4193 | D:6      | Reached skill level 11 in Unarmed Combat
  4451 | D:6      | Found Pelim's Food Boutique.
  4743 | D:7      | Reached skill level 12 in Unarmed Combat
  4954 | D:7      | Reached XP level 9. HP: 80/80 MP: 8/8
  5097 | D:7      | Reached skill level 13 in Unarmed Combat
  5162 | D:7      | Noticed Joseph
  5177 | D:7      | Killed Joseph
  5200 | D:7      | Found a glowing silver altar of Zin.
  5601 | D:7      | Reached skill level 14 in Unarmed Combat
  5687 | D:7      | Found a glowing golden altar of the Shining One.
  6054 | D:8      | Reached skill level 1 in Throwing
  6054 | D:8      | Reached XP level 10. HP: 89/89 MP: 9/9
  6657 | D:8      | Found a shadowy altar of Dithmenos.
  7418 | D:9      | Found a flagged portal.
  7499 | Bailey   | Entered a bailey
  8210 | D:9      | Found Soseufaig's Book Emporium.
  8236 | D:9      | Reached skill level 5 in Fighting
  8803 | D:10     | Entered Level 10 of the Dungeon
  8823 | D:10     | Found a snail-covered altar of Cheibriados.
  8875 | D:10     | Noticed a centaur warrior
  8880 | D:10     | Killed a centaur warrior
  8880 | D:10     | Reached skill level 5 in Throwing
  9275 | D:10     | Noticed Snorg
  9290 | D:10     | Slain by Snorg

Vault maps used:
D:1:      dpeg_arrival_shelter, minmay_misc_feat_square,
          minmay_misc_feat_more_columns, minmay_ruptured
D:2:      vehumet_crystals, first_bread, uniq_crazy_yiuf_cottage
D:3:      nicolae_overflow_crystal_walls, lemuel_angel_altar
D:4:      lemuel_crystal_altar, makhleb_altar_promises_db, uniq_robin,
          uniq_grinder
D:5:      grunt_temple_overflow_bloody_war, grunt_qazlal_sundering,
          kennysheep_mini_moat, lemuel_round_altar, cheibriados_altar_1
D:6:      minmay_temple_entry_junction, serial_shops, nicolae_shop_crystal,
          grunt_ministairs_1, dk_noncrumbling_4
D:7:      lemuel_coloured_pillars_altar, nicolae_tso_swordbearing_angel,
          uniq_joseph
D:8:      hangedman_little_slice_of_home, nicolae_dithmenos_the_darkroom
D:9:      enter_bailey_8, serial_shops, shop
D:10:     kennysheep_steamy, basic_altar, uniq_snorg
Bailey:   bailey_axe_2, bailey

Action                   |  1- 3 |  4- 6 |  7- 9 | 10-12 || total
-------------------------+-------+-------+-------+-------++-------
Melee: Unarmed           |    89 |   139 |   305 |   273 ||   806
 Fire: Blowgun           |       |       |     1 |       ||     1
Throw: Tomahawk          |       |       |       |     9 ||     9
Invok: Sacrifice Drink   |       |     1 |       |       ||     1
       Reject Sacrifices |       |       |     1 |     1 ||     2
 Stab: Sleeping          |     3 |     1 |     1 |     4 ||     9
       Distracted        |       |       |     1 |       ||     1
  Eat: Chunk             |    13 |    15 |    27 |    32 ||    87
